 Dungeon Crawl Stone Soup version 0.30-a0-881-g1ff12e1e11 (console) character file.

Game seed: 5816582730943223834

313 jejorda2 the Slasher (level 6, -8/50 HPs)
             Began as a Merfolk Berserker on Mar 14, 2023.
             Was a Believer of Trog.
             Mangled by an ice beast (13 damage)
             ... on level 5 of the Dungeon.
             The game lasted 00:06:47 (3354 turns).

jejorda2 the Slasher (Merfolk Berserker)            Turns: 3354, Time: 00:06:47

Health: -8/50      AC:  9    Str: 18    XL:     6   Next: 43%
Magic:  6/6        EV:  9    Int:  6    God:    Trog [**....]
Gold:   180        SH:  0    Dex: 15    Spells: 5/5 levels left

rFire   . . .      SeeInvis .    a - +5 short sword
rCold   . . .      Faith    .    (no shield)
rNeg    . . .      Spirit   .    l - +0 chain mail
rPois   .          Reflect  +    (no helmet)
rElec   .          Rampage  .    (no cloak)
rCorr   .                        z - +0 pair of gloves
Will    .....                    (no boots) Stlth
                                 f - amulet of reflection
HPRegen 0.28/turn                (no ring)
MPRegen 0.10/turn                (no ring)

@: confused, on berserk cooldown, slowed, very slow
A: (nimble swimmer 2), mertail
a: Renounce Religion, Berserk, Trog's Hand


You were on level 5 of the Dungeon.
You worshipped Trog.
Trog was pleased with you.
You visited 1 branch of the dungeon, and saw 5 of its levels.

You collected 180 gold pieces.

Inventory:

Hand Weapons
 a - a +5 short sword (weapon)
 b - a +0 falchion
Missiles
 d - 48 stones (quivered)
 r - 6 atropa-tipped darts
 s - 5 poisoned darts
 t - 2 throwing nets
 B - 10 boomerangs
Armour
 l - a +0 chain mail (worn)
 z - a +0 pair of gloves (worn)
Jewellery
 f - an amulet of reflection (around neck)
Scrolls
 e - 8 scrolls of identify {unknown}
 g - 4 scrolls of torment {unknown}
 h - 2 scrolls of magic mapping {unknown}
 n - a scroll of fear {unknown}
 q - a scroll of enchant armour {unknown}
 v - a scroll of poison {unknown}
 w - a scroll of acquirement {unknown}
 x - a scroll of noise {unknown}
 y - a scroll of teleportation {unknown}
 A - a scroll of summoning {unknown}
Potions
 c - a potion of might {unknown}
 i - a potion of heal wounds {unknown}
 k - a potion of magic {unknown}
 m - a potion of cancellation {unknown}
 o - a potion of ambrosia {unknown}
 p - 2 potions of mutation {unknown}
 u - a potion of berserk rage {unknown}


   Skills:
 + Level 4.8 Fighting
 * Level 6.5 Long Blades
 - Level 1.3 Armour
 + Level 4.8 Dodging


You had 5 spell levels left.
You didn't know any spells.
Your spell library was empty.

Dungeon Overview and Level Annotations

Branches:
Dungeon (5/15)
 Temple: D:4-7

Altars:
Cheibriados
Dithmenos
Fedhas
Hepliaklqana
Vehumet
Zin

Annotations:
D:3 exclusion: statue


Innate Abilities, Weirdness & Mutations

((You are very nimble when in or above water. (Stealth+, EV+, Speed+++)))
Your lower body shifts to a powerful aquatic tail in water.


Message History

Trog accepts your kill.
Trog appreciates your killing of a magic user.
Reactivating autopickup.
You feel a bit more experienced. You block something's attack.
Deactivating autopickup; reactivate with Ctrl-A.
You block the ice beast's attack.
Items here: ) ? [ †.
You feel a strong urge to attack something.
You miss something. You puncture something!
You hear some strange, mumbled words.
A puff of flame appears from out of thin air!
The puff of flame hits something!
Reactivating autopickup.
You feel a bit more experienced.
Items here: )) ? [[ †.
Deactivating autopickup; reactivate with Ctrl-A.
You completely miss something. Something hits you but does no damage.
The ice beast hits you but does no damage.
You miss something. You puncture something!
Something hits you but does no damage. The ice beast hits you.
The ice beast freezes you.
You closely miss something.
You hear some strange, mumbled words.
You are confused.
The ice beast hits you but does no damage.
You're too confused to move!
You are no longer berserk.
You are exhausted.
You feel yourself slow down.
You bump into the crystal wall.
Something hits you but does no damage. The ice beast hits you.
The ice beast freezes you!
* * * LOW HITPOINT WARNING * * *
A jelly comes into view.
An orc comes into view. It is wielding a +0 club.
The ice beast hits you.
* * * LOW HITPOINT WARNING * * *
The ice beast freezes you!
You die...

.J . ..## . ..##.
.... .. #.)# #.#
#.. #.# #.#### #.#
###{@..# # #.#
#..Y##.# #.
#$#.###....#.#.
#..#.#..)[.._......
#....o.#)#....###.
#....<.#)##...#
#......#....###
##.....####.#
#...... ..#


You could see an ice beast, a jelly (wandering) and an orc (wandering).

Vanquished Creatures
  The ghost of epsilonplus the Shooter, a weakling HuHu (D:4)
  An iguana (D:4)
  An orc wizard (D:5)
  8 gnolls
  2 adders
  An ufetubus (D:5)
  3 worms
  2 dart slugs
  14 orcs
  4 ball pythons
  5 bats
  5 endoplasms
  2 giant cockroaches (D:1)
  5 goblins
  7 hobgoblins
  5 quokkas
  4 frilled lizards
  8 kobolds
  7 rats
85 creatures vanquished.

Vanquished Creatures (others)
  An orc wizard (D:5)
1 creature vanquished.

Grand Total: 86 creatures vanquished

Notes
Turn   | Place    | Note
-------+----------+-------------------------------------------
     0 | D:1      | jejorda2 the Merfolk Berserker began the quest for the Orb.
     0 | D:1      | Reached XP level 1. HP: 18/18 MP: 1/1
   111 | D:1      | Reached skill level 4 in Long Blades
   111 | D:1      | Reached XP level 2. HP: 12/24 MP: 2/2
   318 | D:1      | Found a faded altar of an unknown god.
   383 | D:1      | Reached XP level 3. HP: 29/29 MP: 3/3
   972 | D:2      | Reached ** piety under Trog
  1739 | D:3      | Reached XP level 4. HP: 32/37 MP: 4/4
  1817 | D:3      | Reached skill level 5 in Long Blades
  1919 | D:3      | Found a radiant altar of Vehumet.
  1919 | D:3      | Noticed a charred statue
  2097 | D:3      | Found a glowing silver altar of Zin.
  2344 | D:4      | Found a blossoming altar of Fedhas.
  2347 | D:4      | Found a hazy altar of Hepliaklqana.
  2349 | D:4      | Found a snail-covered altar of Cheibriados.
  2619 | D:4      | Reached XP level 5. HP: 42/42 MP: 5/5
  3000 | D:4      | Noticed epsilonplus's ghost (weakling HuHu)
  3009 | D:4      | Found a runed translucent gate.
  3009 | D:4      | Found a runed translucent gate.
  3011 | D:4      | Found a runed translucent gate.
  3057 | D:4      | Killed epsilonplus's ghost
  3058 | D:4      | Reached skill level 6 in Long Blades
  3058 | D:4      | Reached XP level 6. HP: 27/49 MP: 6/6
  3252 | D:5      | Entered Level 5 of the Dungeon
  3253 | D:5      | Found a shadowy altar of Dithmenos.
  3333 | D:5      | Noticed an ice beast
  3354 | D:5      | Mangled by an ice beast

Illustrated notes

Levels and vault maps discovered:
D:1:      kennysheep_arrival_seaside, layout_basic, shapermc_ecumenical_altar_gd
D:2:      layout_loops_corners
D:3:      layout_rooms, vehumet_statue, zin_statuary, minmay_misc_feat_five,
          chequers_serial_rivers_micro_c, minivault_19
D:4:      nicolae_cairo_tiling_very_big, layout_gridville,
          grunt_temple_overflow_open, gammafunk_ghost_split
D:5:      layout_basic, lemuel_coloured_pillars_altar,
          nicolae_overflow_crystal_walls, serial_shops, shop,
          nicolae_specific_store

Skill      XL: |  1  2  3  4  5 |
---------------+----------------+-----
Long Blades    | 4 5 6 |  6.5
Dodging        | 3 4 |  4.8
Fighting       | 4 |  4.8
Armour         | |  1.3

Action                     |  1- 3 |  4- 6 || total
---------------------------+-------+-------++-------
  Melee: Falchion          |   103 |   172 ||   275
         Punch             |     1 |       ||     1
         Short sword       |       |    19 ||    19
 Invoke: Berserk           |     1 |     6 ||     7
         Trog's Hand       |       |     2 ||     2
 Armour: Leather armour    |    27 |       ||    27
         Plate armour      |     8 |       ||     8
         Chain mail        |     2 |    81 ||    83
  Dodge: Dodged            |    62 |    72 ||   134
  Block: Other             |    15 |    52 ||    67
         Reflection        |     2 |     2 ||     4

Table legend: (Time is in decaauts)
 A = Elapsed time spent in this place.
 B = Non-inter-level travel time spent in this place.
 C = Inter-level travel time spent in this place.
 D = Time resting spent in this place.
 E = Time spent auto-exploring this place.
 F = Levels seen in this place.
 G = Mean time per level.
                   A        B        C        D        E       F      G
               +--------+--------+--------+--------+--------+-----+--------+
         Total |   3400 |   3227 |    173 |    226 |   2282 |   5 |  680.0 |
       Dungeon |   3400 |   3227 |    173 |    226 |   2282 |   5 |  680.0 |
               +--------+--------+--------+--------+--------+-----+--------+

Top non-repeatable levels by time:
     D:2: 1009 daAuts
     D:4: 956 daAuts
     D:1: 707 daAuts
     D:3: 625 daAuts
     D:5: 101 daAuts
